 Dungeon Crawl Stone Soup version 0.25.1-8-g42b30a86e7 (webtiles) character file.

Game seed: 5273144852672630373

28 Clowwww the Skirmisher (level 3, 29/29 HPs)
             Began as a Demonspawn Fighter on Dec 7, 2020.
             Quit the game on level 1 of the Dungeon.
             The game lasted 00:01:06 (564 turns).

Clowwww the Skirmisher (Demonspawn Fighter)          Turns: 564, Time: 00:01:06

Health: 29/29      AC:  6    Str: 17    XL:     3   Next: 0%
Magic:  3/3        EV:  7    Int:  9    God:
Gold:   55         SH:  9    Dex: 12    Spells: 2/2 levels left

rFire    . . .     SeeInvis .   a - +0 war axe
rCold    . . .     Gourm    .   c - +0 kite shield
rNeg     . . .     Faith    .   b - +0 scale mail
rPois    .         Spirit   +   (no helmet)
rElec    .         Reflect  .   (no cloak)
rCorr    .         Harm     .   (no gloves)
MR       .....                  (no boots)
Stlth    ..........             (no amulet)
HPRegen  0.09/turn              (no ring)
MPRegen  0.08/turn              (no ring)

@: no status effects
A: hooves 1, magic shield
a: no special abilities


You were on level 1 of the Dungeon.
You were not hungry.

You visited 1 branch of the dungeon, and saw 1 of its levels.

You collected 55 gold pieces.

Inventory:

Hand Weapons
 a - a +0 war axe (weapon)
Armour
 b - a +0 scale mail (worn)
 c - a +0 kite shield (worn)
Scrolls
 e - 2 scrolls of teleportation {unknown}
 h - a scroll of identify {unknown}
 i - a scroll of fear {unknown}
Potions
 d - a potion of might
Comestibles
 f - 3 rations
 g - 4 chunks of flesh


   Skills:
 + Level 3.2 Fighting
 + Level 2.0 Axes
 + Level 3.1 Armour
 + Level 3.1 Shields


You had 2 spell levels left.
You didn't know any spells.
Your spell library was empty.

Dungeon Overview and Level Annotations

Branches:
Dungeon (1/15)

Altars:


Innate Abilities, Weirdness & Mutations

You have large cloven feet.
When hurt, damage is shared between your health and your magic reserves.


Message History

The goblin hits you.
You barely miss the goblin. The goblin hits you but does no damage.
You slash the goblin!
You kill the goblin!
Some of the chunks of flesh in your inventory have rotted away.
You see here a goblin corpse.
You butcher the goblin corpse.
g - 4 chunks of flesh (gained 1)
You see here a goblin skeleton. x2
You see here a goblin skeleton.
A bat comes into view.
The bat barely misses you.
You slash the bat!
You kill the bat!
You have reached level 3!
Your experience leads to an increase in your attributes!
Increase (S)trength, (I)ntelligence, or (D)exterity?
You feel stronger.
Your demonic ancestry asserts itself...
Your feet thicken and deform.
Are you sure you want to abandon this character and quit the game? (Confirm with "yes".)

#.# .. #.# .. #.#
.# #.# .#
#.#########.######
#.................
#.########........
#รท##..............
#.##.####.@.......
#..#.####.........
#.......#.########
#.##.......# ......
#.####...... ......
#.# #.#.##
.###..... #.#
#.#.## ...#.....
#.# #....# #......#
#.#####....#
#......#


There were no monsters in sight!

Vanquished Creatures
  A dart slug (D:1)
  3 hobgoblins (D:1)
  6 jackals (D:1)
  6 kobolds (D:1)
  2 bats (D:1)
  A frilled lizard (D:1)
  3 goblins (D:1)
  A rat (D:1)
23 creatures vanquished.

Notes
Turn   | Place    | Note
-------+----------+-------------------------------------------
     0 | D:1      | Clowwww the Demonspawn Fighter began the quest for the Orb.
     0 | D:1      | Reached XP level 1. HP: 18/18 MP: 1/1
     3 | D:1      | Noticed a merfolk zombie
     8 | D:1      | Noticed an ogre
    12 | D:1      | Noticed an elf
    13 | D:1      | Noticed a ghoul
    16 | D:1      | Noticed an elf
    18 | D:1      | Noticed a spriggan
    18 | D:1      | Noticed a vine stalker
   185 | D:1      | Gained mutation: When hurt, damage is shared between your
                  | health and your magic reserves. [demonic ancestry]
   185 | D:1      | Reached XP level 2. HP: 23/24 MP: 2/2
   563 | D:1      | Gained mutation: You have large cloven feet. [demonic
                  | ancestry]
   563 | D:1      | Reached XP level 3. HP: 29/29 MP: 3/3
   564 | D:1      | Quit the game

Illustrated notes

Levels and vault maps discovered:
D:1:      shiori_arrival_whats_in_store_for_you, layout_basic

Skill      XL: |  1  2 |
---------------+-------+-----
Shields        | 3 |  3.1
Axes           | 2 |  2.0
Armour         | 3 |  3.1
Fighting       | |  3.2

Action                   || total
-------------------------++-------
Melee: War axe           ||    49
Armor: Scale mail        ||    36
Dodge: Dodged            ||    20
Block: Kite shield       ||    40
